 Dungeon Crawl Stone Soup version 0.26-a0-487-gbff1e92059 (webtiles) character file.

Game seed: 4730216940257404853

805 KristoblXynda the Slasher (level 7, -1/82 HPs)
             Began as a Vampire Berserker on Aug 2, 2020.
             Was a Priest of Trog.
             Slain by an orc warrior
             ... wielding a +0 war axe
              (12 damage)
             ... on level 5 of the Dungeon.
             The game lasted 00:04:41 (3530 turns).

KristoblXynda the Slasher (Vampire Berserker)       Turns: 3530, Time: 00:04:41

Health: -1/82      AC:  5    Str: 18    XL:     7   Next: 60%
Magic:  7/7        EV: 13    Int:  9    God:    Trog [***...]
Gold:   293        SH:  0    Dex: 14    Spells: 6/6 levels left

rFire    + . .     SeeInvis +   z - +1 long sword (flame)
rCold    . . .     Faith    .   (no shield)
rNeg     . . .     Spirit   .   k - +0 ring mail
rPois    .         Reflect  .   (no helmet)
rElec    .         Harm     .   (no cloak)
rCorr    .                      (no gloves)
MR       .....                  (no boots)
Stlth    ..........             (no amulet)
HPRegen  0.43/turn              (no ring)
MPRegen  0.10/turn              l - ring of protection from fire

@: berserking, regenerating quickly, very quick
A: fangs 3, see invisible, unbreathing
a: Exsanguinate, Berserk, Trog's Hand, Renounce Religion


You were on level 5 of the Dungeon.
You worshipped Trog.
Trog was most pleased with you.
You visited 1 branch of the dungeon, and saw 5 of its levels.

You collected 293 gold pieces.

Inventory:

Hand Weapons
 z - a +1 long sword of flaming (weapon)
Armour
 k - a +0 ring mail (worn)
Jewellery
 i - an uncursed ring of ice
 l - a ring of protection from fire (right hand)
Wands
 y - a wand of iceblast (19)
Scrolls
 b - a scroll of teleportation {unknown}
 e - a scroll of enchant armour {unknown}
 g - 2 scrolls of amnesia {unknown}
 j - a scroll of fog {unknown}
 m - 3 scrolls of random uselessness {unknown}
 r - a scroll of remove curse
 s - a scroll of enchant weapon {unknown}
 u - a scroll of fear {unknown}
 x - a scroll of magic mapping {unknown}
Potions
 d - a potion of flight
 f - 5 potions of heal wounds
 h - a potion of stabbing {unknown}
 n - 2 potions of haste
 p - 5 potions of curing
 q - a potion of magic {unknown}
 t - a potion of ambrosia {unknown}
 v - a potion of lignification {unknown}
 w - a potion of mutation {unknown}


   Skills:
 + Level 4.7 Fighting
 + Level 5.1 Long Blades
 + Level 3.8 Armour
 + Level 5.1 Dodging


You had 6 spell levels left.
You didn't know any spells.
Your spell library was empty.

Dungeon Overview and Level Annotations

Branches:
Dungeon (5/15)
 Temple: D:4-7

Altars:
Okawaru
Ru
Xom


Innate Abilities, Weirdness & Mutations

Your natural rate of healing is unusually fast.
You have razor-sharp teeth.
You have supernaturally acute eyesight. (SInv)
You can survive without breathing.


Message History

Found an escape hatch in the floor.
A red film seems to cover your vision as you go berserk!
You feel yourself moving faster!
You feel mighty! The orc misses you.
You riposte.
You hit the orc. You burn the orc.
You kill the orc!
Trog accepts your kill.
The orc priest calls down the wrath of Beogh upon you.
Beogh smites you!
The orc warrior hits you with a +0 war axe!
* * * LOW HITPOINT WARNING * * *
You closely miss the orc warrior.
The orc priest invokes the aid of Beogh against you.
Pain shoots through your body!
* * * LOW HITPOINT WARNING * * *
The orc priest mumbles some strange prayers to Beogh against you.
Beogh smites you!
* * * LOW HITPOINT WARNING * * *
You barely miss the orc warrior.
The orc warrior hits you with a +0 war axe!
You die...

#........ #........
........ #....?# #[o...+
#....o# #.....#
##...o@#########+#
.......)........... #
................... #
>..................... #
...................... #
...........†...........#
.......................#
##########'########.....
#........#.....


You could see an orc warrior and 2 orc priests.

Vanquished Creatures
  A necrophage (D:5)
  A phantom (D:4)
  An ogre (D:4)
  Blork the orc (D:5)
  A scorpion (D:4)
  A howler monkey (D:4)
  3 orc wizards
  2 iguanas
  3 worker ants
  5 adders
  4 gnolls (D:2)
  An ufetubus (D:5)
  2 oozes
  An adder skeleton (D:4)
  2 worms (D:3)
  2 leopard geckos
  9 orcs
  12 bats
  3 giant cockroaches
  A hobgoblin (D:3)
  3 jackals (D:3)
  13 kobolds
  2 quokkas (D:3)
  4 ball pythons
  3 frilled lizards
  10 goblins
  A leopard gecko skeleton (D:4)
  11 rats
103 creatures vanquished.

Notes
Turn   | Place    | Note
-------+----------+-------------------------------------------
     0 | D:1      | KristoblXynda the Vampire Berserker began the quest for the
                  | Orb.
     0 | D:1      | Reached XP level 1. HP: 17/17 MP: 1/1
   239 | D:1      | Reached XP level 2. HP: 19/23 MP: 2/2
   440 | D:1      | You fall into a shaft and drop 1 floor!
   525 | D:2      | Found an iron altar of Okawaru.
   525 | D:2      | Found a shimmering altar of Xom.
   593 | D:2      | Reached XP level 3. HP: 29/29 MP: 3/3
   721 | D:2      | Reached XP level 4. HP: 32/35 MP: 4/4
  1334 | D:3      | Reached ** piety under Trog
  1769 | D:3      | Reached XP level 5. HP: 39/41 MP: 5/5
  2679 | D:4      | Reached XP level 6. HP: 48/48 MP: 6/6
  2969 | D:4      | Reached XP level 7. HP: 45/54 MP: 7/7
  3024 | D:4      | Reached *** piety under Trog
  3270 | D:5      | Entered Level 5 of the Dungeon
  3283 | D:5      | Found a sacrificial altar of Ru.
  3352 | D:5      | Noticed Blork the orc
  3358 | D:5      | Killed Blork the orc
  3511 | D:5      | Reached skill level 5 in Long Blades
  3511 | D:5      | Reached skill level 5 in Dodging
  3530 | D:5      | Slain by an orc warrior

Illustrated notes

Levels and vault maps discovered:
D:1:      dpeg_arrival_pits, layout_loops_cross, st_stairs_5,
          hangedman_decor_points
D:2:      layout_basic, gammafunk_temple_overflow_statue,
          minmay_goblin_kobold_house
D:3:      layout_loops_cross, patterned_corridor
D:4:      layout_loops_ring
D:5:      layout_gridville, kiku_gazebo_garden_becter,
          nicolae_ru_great_annihilating_truth, uniq_blork_the_orc, uniq_grinder

Skill      XL: |  1  2  3  4  5  6  7 |
---------------+----------------------+-----
Fighting       | 3 4 |  4.7
Armour         | 2 3 |  3.8
Dodging        | 3 4 5 |  5.1
Long Blades    | 4 5 |  5.1

Action                   |  1- 3 |  4- 6 |  7- 9 || total
-------------------------+-------+-------+-------++-------
Melee: Falchion          |    63 |   211 |    43 ||   317
       Bite              |     7 |    24 |     9 ||    40
       Long sword        |       |       |    19 ||    19
Invok: Berserk           |     1 |     1 |     2 ||     4
  Use: Scroll            |       |       |     6 ||     6
 Stab: Paralysed         |       |       |     1 ||     1
Armor: Animal skin       |     9 |       |       ||     9
       Ring mail         |     6 |    61 |    12 ||    79
Dodge: Dodged            |    51 |   150 |    37 ||   238
       Rpst.: Falchion   |    16 |    51 |     4 ||    71
       Long sword        |       |       |     6 ||     6

Table legend: (Time is in decaauts)
 A = Elapsed time spent in this place.
 B = Non-inter-level travel time spent in this place.
 C = Inter-level travel time spent in this place.
 D = Time resting spent in this place.
 E = Time spent auto-exploring this place.
 F = Levels seen in this place.
 G = Mean time per level.
                   A        B        C        D        E       F      G
               +--------+--------+--------+--------+--------+-----+--------+
         Total |   3594 |   3481 |    113 |    284 |   2363 |   5 |  718.8 |
       Dungeon |   3594 |   3481 |    113 |    284 |   2363 |   5 |  718.8 |
               +--------+--------+--------+--------+--------+-----+--------+

Top non-repeatable levels by time:
     D:4: 933 daAuts
     D:2: 922 daAuts
     D:3: 872 daAuts
     D:1: 595 daAuts
     D:5: 271 daAuts
